 Dungeon Crawl Stone Soup version 0.31-a0-176-g91f28db67f (webtiles) character file.

Game seed: 9758127562207361582

6492 Gargoyl the Cleaver (level 11, -4/64 HPs)
             Began as a Gargoyle Berserker on June 18, 2023.
             Was an Elder of Trog.
             Slain by a sun demon (16 damage)
             ... summoned by a kobold demonologist
             ... on level 9 of the Dungeon.
             The game lasted 00:12:50 (9894 turns).

Gargoyl the Cleaver (Gargoyle Berserker)            Turns: 9894, Time: 00:12:51

Health: -4/64      AC: 21    Str: 22    XL:     11   Next: 0%
Magic:  11/11      EV: 13    Int:  7    God:    Trog [****..]
Gold:   937        SH:  8    Dex: 13    Spells: 10/10 levels left

rFire   . . .        f - +4 hand axe
rCold   x . .        v - +2 buckler
rNeg    + . .        B - +0 acid dragon scales
rPois   ∞            q - +2 helmet
rElec   +            e - +0 cloak {rPois}
rCorr   +            u - +0 pair of gloves
SInv    .            (no boots)
Will    .....        (no amulet)
Stlth   +            x - ring of resist corrosion
HPRegen 0.30/turn    t - ring of flight
MPRegen 0.12/turn

%: no passive effects
@: flying
A: sickness immunity, AC +8, negative energy resistance 1, electricity
resistance, torment resistance 1, petrification resistance, fangs 1, talons 1,
cold vulnerability 1
a: Renounce Religion, Berserk, Trog's Hand, Brothers in Arms


You were on level 9 of the Dungeon.
You worshipped Trog.
Trog was greatly pleased with you.
You visited 1 branch of the dungeon, and saw 9 of its levels.
You also visited: Sewer and Bailey.

You collected 937 gold pieces.

Inventory:

Hand Weapons
 a - a +1 hand axe
 f - a +4 hand axe (weapon)
 j - a +2 heavy spear
 o - a +0 war axe
 E - a +2 falchion of electrocution
Missiles
 r - 32 poisoned darts (quivered)
Armour
 e - a +0 cloak of poison resistance (worn)
 i - a +0 scale mail
 q - a +2 helmet (worn)
 u - a +0 pair of gloves (worn)
 v - a +2 buckler (worn)
 B - +0 acid dragon scales (worn)
Jewellery
 t - a ring of flight (right hand)
 x - a ring of resist corrosion (left hand)
Wands
 h - a wand of polymorph (13)
 m - a wand of mindburst (6)
 z - a wand of flame (20)
 D - a wand of light (5)
Scrolls
 b - 3 scrolls of teleportation
 g - 2 scrolls of identify
 k - 2 scrolls of fear
 w - a scroll of silence
 y - a scroll of fog
 A - 5 scrolls of enchant armour
 C - a scroll of revelation
 F - a scroll of torment {unknown}
Potions
 c - 6 potions of enlightenment
 d - a potion of berserk rage
 l - 2 potions of cancellation
 n - 2 potions of degeneration
 p - 4 potions of haste
 s - 2 potions of heal wounds {unknown}


   Skills:
 + Level 6.2 Fighting
 * Level 10.6 Axes
 + Level 0.2 Throwing
 + Level 6.5 Armour
 * Level 5.4 Dodging
 + Level 1.5 Stealth
 * Level 7.3 Shields
 + Level 0.2 Unarmed Combat


You had 10 spell levels left.
You didn't know any spells.
Your spell library was empty.

Dungeon Overview and Level Annotations

Branches:
Dungeon (9/15)             Temple (0/1) D:7            Lair (0/5) D:9
  Sewer (visited)          Bailey (visited)
    Orc: D:9-12

Altars:
Cheibriados
Makhleb
Okawaru
Qazlal

Shops:
D:5 =   D:9 *

Annotations:
D:5 Prince Ribbit


Innate Abilities, Weirdness & Mutations

You are immune to sickness and miasma.
Your stone body is resilient. (AC +8)
You are immune to poison.
You resist negative energy. (rN+)
You are resistant to electric shocks. (rElec)
You are resistant to unholy torment.
You are immune to petrification.
You have very sharp teeth.
You have sharp toenails.
You are vulnerable to cold. (rC-)


Message History

The kobold demonologist gestures wildly while chanting.
The kobold brigand hits you but does no damage.
You slash the kobold demonologist!
You claw the kobold demonologist, but do no damage.
The kobold demonologist is severely wounded.
You closely miss the sun demon. You barely miss the kobold brigand.
The sun demon hits you but does no damage.
You hit the kobold demonologist. You claw the kobold demonologist.
The kobold demonologist is severely wounded.
You hit the kobold brigand but do no damage.
You hit the sun demon.
You block the kobold demonologist's attack.
The kobold brigand barely misses you.
Unknown command.
You completely miss the kobold demonologist.
Your kick misses the kobold demonologist.
The kobold demonologist is severely wounded.
You hit the sun demon. You closely miss the kobold brigand.
The sun demon hits you.
You are engulfed in flames!
The kobold demonologist hits you but does no damage.
The kobold brigand hits you but does no damage.
You barely miss the kobold demonologist.
The kobold demonologist is severely wounded.
You hit the sun demon.
You hit the kobold brigand but do no damage.
The sun demon hits you!
You are engulfed in flames!
* * * LOW HITPOINT WARNING * * *
The kobold demonologist hits you but does no damage.
You block the kobold brigand's attack.
You barely miss the kobold demonologist.
You claw the kobold demonologist, but do no damage.
The kobold demonologist is severely wounded.
You hit the kobold brigand. You hit the sun demon but do no damage.
The sun demon closely misses you.
You block the kobold demonologist's attack.
The kobold brigand closely misses you.
You feel better. The sun demon hits you!
* * * LOW HITPOINT WARNING * * *
You are engulfed in flames!
You die...

#... ..... #...
..... #... .....
#..# ##### #..#
#..# #..# #..#
#.@################
#3KK...............
#)).)..............
#..###############.
#..# #. #..# #.
#..# #. #..#
########. #...
.........


You could see a sun demon (summoned), a kobold demonologist and a kobold
brigand.

Vanquished Creatures
  A wraith (D:8)
  4 yaks (D:8)
  A steam dragon (D:8)
  2 wargs (D:9)
  2 acid dragons
  2 water moccasins
  15 orc warriors
  A sky beast (D:7)
  An ice beast (D:7)
  A black bear (D:8)
  2 ogres
  A centaur (D:6)
  A phantom (D:6)
  6 kobold brigands (Sewer)
  5 bullfrogs
  A gnoll sergeant (D:8)
  3 scorpions
  9 wights
  5 killer bees (D:9)
  3 howler monkeys (D:9)
  2 hounds
  A jelly (D:8)
  7 orc priests
  An iguana (D:3)
  Jessica (D:2)
  11 orc wizards
  Robin (D:4)
  9 gnolls
  13 adders
  2 river rats
  A shadow imp (D:5)
  A white imp (D:5)
  8 worms
  2 dart slugs
  35 orcs
  9 ball pythons
  7 endoplasms
  8 giant cockroaches
  9 goblins
  19 hobgoblins
  6 jackals
  22 kobolds
  4 quokkas
  7 bats
  5 frilled lizards
  17 rats
274 creatures vanquished.

Vanquished Creatures (collateral kills)
  A wyvern (D:9)
  A howler monkey (D:9)
2 creatures vanquished.

Grand Total: 276 creatures vanquished

Notes
Turn   | Place    | Note
-------+----------+-------------------------------------------
     0 | D:1      | Gargoyl the Gargoyle Berserker began the quest for the Orb.
     0 | D:1      | Reached XP level 1. HP: 14/14 MP: 1/1
   105 | D:1      | Reached XP level 2. HP: 11/19 MP: 2/2
   438 | D:1      | Reached skill level 3 in Axes
   559 | D:1      | Reached XP level 3. HP: 24/24 MP: 3/3
   982 | D:2      | Noticed Jessica
  1000 | D:2      | Killed Jessica
  1001 | D:2      | Reached XP level 4. HP: 22/29 MP: 4/4
  1003 | D:2      | Reached ** piety under Trog
  1130 | D:2      | Found a faded altar of an unknown god.
  1254 | D:2      | Found a stormy altar of Qazlal.
  2030 | D:3      | Reached XP level 5. HP: 19/33 MP: 5/5
  2318 | D:3      | Reached skill level 1 in Shields
  2395 | D:3      | Reached skill level 4 in Axes
  3163 | D:4      | Noticed Robin
  3172 | D:4      | Reached XP level 6. HP: 38/38 MP: 6/6
  3175 | D:4      | Killed Robin
  3337 | D:4      | You fall into a shaft and drop 1 floor!
  3337 | D:5      | Entered Level 5 of the Dungeon
  3439 | D:5      | Noticed Prince Ribbit
  3490 | D:6      | Reached skill level 5 in Axes
  3592 | D:6      | Reached XP level 7. HP: 43/43 MP: 7/7
  3683 | D:5      | Found Ivoekadd's Jewellery Boutique.
  4009 | D:5      | Found a glowing drain.
  4020 | Sewer    | Entered a sewer
  4137 | Sewer    | Reached skill level 6 in Axes
  4219 | Sewer    | Reached *** piety under Trog
  4396 | Sewer    | Reached XP level 8. HP: 46/48 MP: 8/8
  5069 | D:5      | Found a snail-covered altar of Cheibriados.
  5442 | D:6      | Reached skill level 7 in Axes
  5504 | D:6      | Found an iron altar of Okawaru.
  6248 | D:6      | Reached XP level 9. HP: 53/53 MP: 9/9
  6432 | D:7      | Found a flagged portal.
  6447 | D:7      | Reached skill level 5 in Fighting
  6447 | D:7      | Reached skill level 8 in Axes
  6456 | Bailey   | Entered a bailey
  6483 | Bailey   | Reached **** piety under Trog
  6595 | Bailey   | Gained mutation: You have sharp toenails. [potion of
                  | mutation]
  6595 | Bailey   | Gained mutation: You are vulnerable to cold. (rC-) [potion
                  | of mutation]
  6595 | Bailey   | Gained mutation: You have very sharp teeth. [potion of
                  | mutation]
  6865 | Bailey   | Reached skill level 5 in Armour
  6992 | Bailey   | Reached skill level 5 in Shields
  7577 | D:7      | Found a staircase to the Ecumenical Temple.
  7621 | D:7      | Reached skill level 9 in Axes
  7776 | D:7      | Reached XP level 10. HP: 59/59 MP: 10/10
  8948 | D:8      | Reached skill level 1 in Stealth
  9117 | D:9      | Reached skill level 5 in Dodging
  9132 | D:9      | Found a burning altar of Makhleb.
  9290 | D:9      | Reached skill level 10 in Axes
  9421 | D:9      | Found a staircase to the Lair.
  9610 | D:9      | Identified the +7 flail of Evolution {speed, rElec rCorr
                  | MP+9 Int+5}
  9760 | D:9      | Found Yxumeg's Serpentskin Sales.
  9779 | D:9      | Reached XP level 11. HP: 57/64 MP: 11/11
  9889 | D:9      | Noticed a sun demon
  9894 | D:9      | Slain by a sun demon

Illustrated notes

Levels and vault maps discovered:
D:1:      reono_arrival_mine, layout_loops_ring, supply_closet_lemuel,
          nicolae_titane
D:2:      layout_basic, basic_altar, ebering_ecumenical_altar_mist, uniq_jessica
D:3:      layout_basic
D:4:      layout_cave_pools, uniq_robin
D:5:      layout_loops_cross, kennysheep_mini_moat, portal_sewer_entry_e,
          serial_shops, shop_fountains, minmay_fountain_box, uniq_prince_ribbit1
D:6:      layout_loops_corners, mainiacjoe_overflow_small_starburst
D:7:      layout_loops_ring, minmay_temple_entry_glass, enter_bailey_2,
          serial_park_tiny_2, roderic_three_in_a_row
D:8:      layout_basic, minmay_misc_feat_encased
D:9:      layout_long_grid, kennysheep_little_box, mainiacjoe_overflow_24_doors,
          erik_lair_orcish_takeover, guppyfry_shop_venom

Skill      XL: |  1  2  3  4  5  6  7  8  9 10 |
---------------+-------------------------------+-----
Axes           | 3 4 5 6 7 9 10 | 10.6
Dodging        | 2 3 4 5 |  5.4
Fighting       | 4 5 6 |  6.2
Shields        | 1 2 3 4 5 7 |  7.3
Armour         | 3 4 6 |  6.5
Stealth        | 1 |  1.5
Throwing       | |  0.2
Unarmed Combat | |  0.2

Action                     |  1- 3 |  4- 6 |  7- 9 | 10-12 || total
---------------------------+-------+-------+-------+-------++-------
  Melee: Hand axe          |    92 |   192 |   572 |   205 ||  1061
         Unarmed           |     3 |     7 |       |       ||    10
         Kick              |       |       |    33 |    48 ||    81
         Bite              |       |       |    12 |    20 ||    32
  Throw: Dart              |       |       |     3 |       ||     3
 Invoke: Berserk           |     2 |     5 |     7 |     7 ||    21
         Trog's Hand       |       |     4 |     8 |     4 ||    16
    Use: Scroll            |       |     7 |     8 |     1 ||    16
         Potion            |       |       |    11 |     1 ||    12
   Stab: Sleeping          |     1 |       |       |     1 ||     2
 Armour: Animal skin       |    48 |     8 |       |       ||    56
         Scale mail        |       |   113 |   244 |    18 ||   375
         Skin              |       |       |     2 |       ||     2
         Acid dragon scale |       |       |       |    76 ||    76
  Dodge: Dodged            |    65 |   120 |   241 |   109 ||   535
  Block: Buckler           |    12 |    31 |   131 |    96 ||   270

Table legend: (Time is in decaauts)
 A = Elapsed time spent in this place.
 B = Non-inter-level travel time spent in this place.
 C = Inter-level travel time spent in this place.
 D = Time resting spent in this place.
 E = Time spent auto-exploring this place.
 F = Levels seen in this place.
 G = Mean time per level.
                   A        B        C        D        E       F      G
               +--------+--------+--------+--------+--------+-----+--------+
         Total |  10230 |   9978 |    252 |    258 |   7036 |  11 |  930.0 |
       Dungeon |   8338 |   8086 |    252 |      0 |   6157 |   9 |  926.4 |
         Sewer |   1019 |   1019 |      0 |      0 |    630 |   1 | 1019.0 |
        Bailey |    872 |    872 |      0 |    258 |    249 |   1 |  872.0 |
               +--------+--------+--------+--------+--------+-----+--------+

Top non-repeatable levels by time:
     D:8: 1197 daAuts
     D:6: 1101 daAuts
   Sewer: 1019 daAuts
     D:3: 1009 daAuts
     D:1: 996 daAuts
     D:2: 911 daAuts
  Bailey: 872 daAuts
     D:7: 796 daAuts
     D:9: 781 daAuts
     D:5: 778 daAuts
     D:4: 765 daAuts
